 Dungeon Sprint DCSS version bcrawl-1.21.3 (webtiles) character file.

Game seed: 13002517187343150281

91974 Arthanis the End of an Era (level 16, -1/226 HPs)
             Began as a Sand Dwarf Monk on Mar 26, 2020.
             Was the Champion of Qazlal.
             Slain by an angel
             ... wielding a +3 sacred scourge of holy wrath
              (5 damage)
             ... in the Dungeon (Sprint V: "Ziggurat Sprint").
             The game lasted 00:13:19 (644 turns).

Arthanis the End of an Era (Sand Dwarf Monk)         Turns: 644, Time: 00:13:19

Health: -1/226     AC: 23    Str: 35    XL:     16   Next: 4%
Magic:  33/33      EV: 15    Int: 19    God:    Qazlal [******]
Gold:   0          SH: 41    Dex: 10    Spells: 30/37 levels left

rFire    + + .     SeeInvis .   I - +10 lance "Wyrmbane" {slay drac, rPois rF+ rC+ AC+3}
rCold    + + .     Gourm    .   O - +18 shield of the Gong {rElec rN+ MR+ EV-5}
rNeg     + + .     Faith    .   b - +3 plate armour of the Barber Surgeon {Str+6 Stlth-}
rPois    +         Spirit   .   c - +0 hat
rElec    +         Reflect  .   (no cloak)
rCorr    .         Harm     .   (no gloves)
MR       +++..     NoTele   +   (no boots)
Stlth    ..........             W - amulet "Xysuing" {Acrobat rF+ rC+ rN+}
HPRegen  0.47/turn              F - +6 ring of strength
MPRegen  0.23/turn              S - ring of Lewydgh Ocisk {rElec rPois EV+5 Int+3 Dex-3}

@: berserking, glowing, studying Long Blades, repel missiles, quick
A: small, slowness 1, armour attunement
a: Upheaval, Elemental Force, Disaster Area, Renounce Religion


You were in the Dungeon.
You worshipped Qazlal.
Qazlal was exalted by your worship.
You were not hungry.

You visited 1 branch

Inventory:

Hand Weapons
 a - a +0 spear
 H - the +6 shillelagh "Devastator" {shatter}
   (You found it in the Dungeon)
 I - the +10 lance "Wyrmbane" (weapon) {slay drac, rPois rF+ rC+ AC+3}
   (You found it in the Dungeon)

   It affects your AC (+3).
   It protects you from fire.
   It protects you from cold.
   It protects you from poison.
 J - the +9 sword of Zonguldrok {reap}
   (You found it in the Dungeon)

   If a monster killed with it leaves a corpse in good enough shape, the corpse
   will be animated as a zombie friendly to the killer.
 K - the +7 Singing Sword {slice}
   (You found it in the Dungeon)

   It inflicts extra damage upon your enemies.
 L - the +6 Majin-Bo {vamp, *Drain Str+12 Int+24}
   (You found it in the Dungeon)

   It inflicts no extra harm, but heals its wielder when it wounds a living foe.
   It affects your strength (+12).
   It affects your intelligence (+24).
   It causes draining when unequipped.
 M - the +9 heavy crossbow "Sniper" {velocity, Acc+∞ SInv}
   (You found it in the Dungeon)

   Any bolt fired from it inflicts extra damage.
   It lets you see invisible.
Armour
 b - the +3 plate armour of the Barber Surgeon (worn) {Str+6 Stlth-}
   (You found it in the Dungeon)

   It affects your strength (+6).
   It makes you less stealthy.
 c - a +0 hat (worn)
 N - the +15 Maxwell's patent armour {-Cast -Tele rElec MR+ rCorr}
   (You found it in the Dungeon)

   It insulates you from electricity.
   It affects your resistance to hostile enchantments.
   It prevents spellcasting.
   It prevents most forms of teleportation.
   It provides partial protection from all sources of acid and corrosion.
 O - the +18 shield of the Gong (worn) {rElec rN+ MR+ EV-5}
   (You found it in the Dungeon)

   It affects your evasion (-5).
   It insulates you from electricity.
   It protects you from negative energy.
   It affects your resistance to hostile enchantments.
Magical Staves
 z - an uncursed staff of energy
Jewellery
 o - an uncursed ring of stealth
 A - a +6 ring of dexterity
 B - a +6 ring of dexterity
 C - a +6 ring of intelligence
 D - a +6 ring of intelligence
 E - a +6 ring of strength
 F - a +6 ring of strength (left hand)
 R - a +3 ring of slaying
 S - the ring of Lewydgh Ocisk (right hand) {rElec rPois EV+5 Int+3 Dex-3}
   (You found it in the Dungeon)

   [ring of evasion]

   It affects your evasion (+5).
   It affects your intelligence (+3).
   It affects your dexterity (-3).
   It insulates you from electricity.
   It protects you from poison.
 U - the ring of Luxzogudgh {+Blink rElec Stlth+}
   (You found it in the Dungeon)

   [ring of insulation]

   It insulates you from electricity.
   It lets you blink.
   It makes you more stealthy.
 W - the amulet "Xysuing" (around neck) {Acrobat rF+ rC+ rN+}
   (You found it in the Dungeon)

   [amulet of the acrobat]

   It helps you evade while moving and waiting.
   It protects you from fire.
   It protects you from cold.
   It protects you from negative energy.
Wands
 w - a wand of disintegration (6)
 y - a wand of acid (2)
Scrolls
 k - 4 scrolls of blinking
 r - 4 scrolls of amnesia
 s - 6 scrolls of fog
 t - 4 scrolls of identify
 u - 5 scrolls of remove curse
 v - 2 scrolls of fear
Potions
 d - a potion of lignification
 f - 10 potions of curing
 g - 7 potions of heal wounds
 h - 6 potions of haste
 i - 7 potions of magic
 j - a potion of berserk rage
 l - 2 potions of brilliance
 m - 2 potions of invisibility
 n - 4 potions of resistance
 p - 5 potions of agility
 q - 4 potions of might
Books
 P - a manual of Long Blades
Miscellaneous
 x - a lightning rod (4/4)
 G - a lightning rod (4/4)
 Q - 2 sacks of spiders
 V - a lamp of fire
 Z - a phial of floods
Comestibles
 e - 7 rations {!d}


   Skills:
 + Level 15.9 Fighting
 + Level 13.4 Long Blades
 - Level 2.6 Polearms
 + Level 15.7 Armour
 + Level 11.8 Dodging
 - Level 1.5 Stealth
 + Level 13.5 Shields
 - Level 11.3 Spellcasting
 - Level 8.8 Charms
 - Level 8.9 Necromancy
 O Level 27 Invocations
 - Level 7.1 Evocations


You had 30 spell levels left.
You knew the following spells:

 Your Spells              Type           Power        Failure   Level  Hunger
a - Regeneration          Chrm/Necr      #####.....   1%          3    None
b - Song of Slaying       Chrm           #####...     1%          2    None
c - Sublimation of Blood  Necr           #####.....   1%          2    None

Your spell library contained the following spells:

 Spells                   Type           Power        Failure   Level  Hunger
 Animate Skeleton         Necr           N/A          1%          1    None
 Pain                     Necr           #####.       1%          1    None
 Corpse Rot               Necr           N/A          1%          2    None
 Vampiric Draining        Necr           #####.....   1%          3    None
 Flaming Arrows           Chrm/Fire      ####....     3%          2    None
 Swiftness                Chrm/Air       ####....     3%          2    None
 Animate Dead             Necr           N/A          3%          4    ##.....
 Agony                    Necr           #####...     9%          5    ####...
 Dispel Undead            Necr           #####...     9%          5    ####...
 Piercing Shot            Chrm           #####.....   10%         5    ####...
 Apportation              Tloc           ##....       13%         1    None
 Blink Other              Tloc           ##....       13%         1    None
 Corona                   Hex            ##.....      13%         1    None
 Flame Tongue             Conj/Fire      ##...        13%         1    None
 Sandblast                Erth           ##....       13%         1    None
 Shock                    Conj/Air       ##...        13%         1    None
 Slow                     Hex            ##......     13%         1    None
 Sting                    Conj/Pois      ##..         13%         1    None
 Blink                    Tloc           N/A          19%         2    None
 Passwall                 Tmut/Erth      ##......     19%         2    None
 Poisonous Vapours        Pois/Air       ##....       19%         2    None
 Shackle                  Hex            ##......     19%         2    None
 Beckoning                Tloc           ##........   36%         3    None
 Call Canine Familiar     Summ           ##......     36%         3    None
 Conjure Flame            Conj/Fire      ##......     36%         3    None
 Dazzling Spray           Conj/Hex       ##....       36%         3    None
 Ignite Poison            Fire/Tmut/Pois ##......     36%         3    None
 Inner Flame              Hex/Fire       N/A          36%         3    None
 Portal Projectile        Tloc           ##....       36%         3    None
 Static Discharge         Air            ##......     36%         3    None
 Stone Arrow              Conj/Erth      ##....       36%         3    None
 Teleport Other           Tloc           ##......     36%         3    None
 Bolt of Draining         Conj/Necr      ####......   50%         5    ####...
 Iskenderun's Battlesphe  Conj/Chrm      ####....     50%         5    ####...
 Airstrike                Air            ##........   77%         4    ##.....
 Cause Fear               Hex            ##........   77%         4    ##.....
 Force Lance              Tloc           ##......     77%         4    ##.....
 Fulminant Prism          Conj/Hex       ##........   77%         4    ##.....
 Ice Form                 Ice/Tmut       ##......     77%         4    ##.....
 Olgreb's Toxic Radiance  Pois           ##......     77%         4    ##.....
 Petrify                  Tmut/Erth      ##......     77%         4    ##.....
 Sticky Flame             Conj/Fire      ##......     77%         4    ##.....
 Summon Ice Beast         Ice/Summ       ##......     77%         4    ##.....
 Summon Scorpions         Summ/Pois      ##......     77%         4    ##.....
 Throw Icicle             Conj/Ice       ##......     77%         4    ##.....
 Tree Form                Hex/Tmut       N/A          77%         4    ##.....
 Deflect Missiles         Chrm/Air       ####......   97%         6    ######.
 Simulacrum               Ice/Necr       ####......   97%         6    ######.
 Steam Barrier            Chrm/Fire      ####......   97%         6    ######.
 Bolt of Magma            Conj/Fire/Erth ##........   98%         5    ####...
 Fireball                 Conj/Fire      ##........   98%         5    ####...
 Lee's Rapid Deconstruct  Erth           ##........   98%         5    ####...
 Lightning Bolt           Conj/Air       ##........   98%         5    ####...
 Metabolic Englaciation   Hex/Ice        ##........   98%         5    ####...
 Passage of Golubria      Tloc           N/A          98%         5    ####...
 Silence                  Hex/Air        ##........   98%         5    ####...
 Summon Forest            Summ/Tloc      ##........   98%         5    ####...
 Summon Mana Viper        Hex/Summ       ##......     98%         5    ####...
 Venom Bolt               Conj/Pois      ##........   98%         5    ####...
 Bolt of Cold             Conj/Ice       ##........   100%        6    ######.
 Bolt of Fire             Conj/Fire      ##........   100%        6    ######.
 Darkness                 Hex            ##........   100%        6    ######.
 Dispersal                Tloc           ##........   100%        6    ######.
 Freezing Cloud           Ice/Air        ##........   100%        6    ######.
 Infestation              Hex/Tmut/Pois  ##.......    100%        6    ######.
 Invisibility             Hex            ##......     100%        6    ######.
 Iron Shot                Conj/Erth      ##........   100%        6    ######.
 Ozocubu's Refrigeration  Ice            ##........   100%        6    ######.
 Poison Arrow             Conj/Pois      ##........   100%        6    ######.
 Statue Form              Tmut/Erth      ##.......    100%        6    ######.
 Summon Hydra             Summ           ##........   100%        6    ######.
 Dragon Form              Tmut           ##.....      100%        7    #######
 Icicle Burst             Conj/Ice       ##........   100%        7    #######
 Monstrous Menagerie      Summ           ##........   100%        7    #######
 Orb of Destruction       Conj           ##........   100%        7    #######
 Spellforged Servitor     Conj/Summ      ##........   100%        7    #######
 Chain Lightning          Conj/Air       ##........   100%        8    #######
 Controlled Blink         Tloc           N/A          100%        8    #######
 Discord                  Hex            ##........   100%        8    #######
 Glaciate                 Conj/Ice/Air   ##........   100%        8    #######
 Lehudib's Crystal Spear  Conj/Erth      ##........   100%        8    #######
 Dragon's Call            Summ           ##........   100%        9    #######
 Fire Storm               Conj/Fire      ##........   100%        9    #######
 Shatter                  Erth           ##........   100%        9    #######


Dungeon Overview and Level Annotations

Branches:
Dungeon (1/1)

Altars:
Ashenzari
Cheibriados
Dithmenos
Elyvilon
Fedhas
Gozag
Hepliaklqana
Kikubaaqudgha
Lugonu
Makhleb
Nemelex Xobeh
Okawaru
Qazlal
Ru
Sif Muna
Trog
Uskayaw
Vehumet
Wu Jian
Xom
Yredelemnul
Zin
The Shining One
Beogh
Jiyva


Innate Abilities, Weirdness & Mutations

You are small and have problems with some larger weapons.
You cover ground slowly.
Armour does not affect your spellcasting.


Message History

You block the angel's attack.
GONNNNG!
You block the apis's attack.
GONNNNG!
You block the angel's attack.
GONNNNG!
The angel hits you but does no damage. x2; You block the angel's attack.
GONNNNG!
You puncture the apis!
The apis is severely wounded.
You block the pearl dragon's attack.
PANG!
You block the pearl dragon's attack.
SHROANNG!
The angel hits you but does no damage. The angel completely misses you.
You block the angel's attack.
PANG!
The angel hits you but does no damage. x2
The angel hits you with a +3 sacred scourge of holy wrath.
You die...

≈≈≈..†[≈...A...▓......[
▓≈..)....).)....▓.....[.
▓..≈≈.≈†.≈......▓.......
▓.......).....≈.▓......[
▓...≈≈≈....≈..≈.▓..▓....
▓..≈........≈≈≈.▓.......
▓.....AGA§.≈.≈.≈▓.......
▓.≈≈.YDYAA.≈≈≈≈.▓......©
▓≈≈≈≈§A@AA.≈≈≈.≈▓▓▓▓▓▓▓▓
▓≈.≈§≈§§§§§≈..≈.▓.....8©
▓.≈≈§§§§§§§≈≈...▓.).."}.
▓≈≈≈≈.≈≈§§.≈≈...▓...)).[
▓▓▓▓▓▓▓▓▓▓▓▓▓▓▓▓▓..[....
▓....... ▓.......
▓....... ▓.......


You could see 2 apis, 3 daevas, a pearl dragon, 3 angels, an ophan and a cherub.

Vanquished Creatures
  A pearl dragon (D)
  A Shadow Fiend (D)
  A deep elf master archer (D)
  A lich (D)
  2 deep elf blademasters (D)
  2 pandemonium lords (D)
  3 daevas (D)
  A deep elf sorcerer (D)
  2 angels (D)
  2 cacodemons (D)
  4 stone giants (D)
  A ghoul (D)
  A reaper (D)
  A vampire knight (D)
  An entropy weaver (D)
  5 ophanim (D)
  2 apis (D)
  A deep elf annihilator (D)
  A merfolk javelineer (D)
  4 fire dragons (D)
  A deep elf high priest (D)
  3 ice dragons (D)
  2 yaktaur captains (D)
  A hydra (D)
  A vault guard (D)
  2 centaur warriors (D)
  An anaconda (D)
  7 dancing weapons (D)
  An orc high priest (D)
  A soul eater (D)
  6 deep elf knights (D)
  4 skeletal warriors (D)
  A cherub (D)
  4 death drakes (D)
  4 deep elf archers (D)
  An ironbrand convoker (D)
  2 cyclopes (D)
  3 necromancers (D)
  11 deep elf magi (D)
  2 toenail golems (D)
  A rust devil (D)
  A black mamba (D)
  A vault sentinel (D)
  A torpor snail (shapeshifter) (D)
  4 cane toads (D)
  A gargoyle (D)
  2 orange demons (D)
  A hellion (D)
  2 rime drakes (D)
  2 komodo dragons (D)
  4 tormentors (D)
  2 hellwings (D)
  2 ice devils (D)
  A yaktaur (D)
  A freezing wraith (D)
  A slime creature (D)
  An air elemental (D)
  A water elemental (D)
  Sigmund (D)
  A flying skull (D)
  3 shadows (D)
  3 wyverns (D)
  A yak (D)
  A wraith (D)
  2 ynoxinuls (D)
  A steam dragon (D)
  A fire elemental (D)
  An acid dragon (D)
  A hell hound (D)
  3 porcupines (D)
  3 water moccasins (D)
  An ice beast (D)
  A swamp drake (D)
  5 phantoms (D)
  3 necrophages (D)
  3 centaurs (D)
  A wolf (D)
  3 bullfrogs (D)
  Blork the orc (D)
  7 earth elementals (D)
  6 wights (D)
  A crimson imp (D)
  A quasit (D)
  2 jellies (D)
  Crazy Yiuf (D)
  Jessica (D)
  A mummy (D)
  An adder zombie (D)
  3 bat skeletons (D)
  5 bat zombies (D)
  A jackal (D)
  2 giant cockroach zombies (D)
  3 jackal skeletons (D)
  A leopard gecko skeleton (D)
  A leopard gecko zombie (D)
  2 quokka zombies (D)
203 creatures vanquished.

Notes
Turn   | Place    | Note
-------+----------+-------------------------------------------
     0 | D        | Arthanis the Sand Dwarf Monk began the quest for the Orb.
     0 | D        | Reached XP level 1. HP: 19/19 MP: 2/2
     0 | D        | Found a shimmering blue altar of Sif Muna.
     0 | D        | Found a sacrificial altar of Ru.
     0 | D        | Found a bloodstained altar of Trog.
     0 | D        | Found a stormy altar of Qazlal.
     0 | D        | Found an iron altar of Okawaru.
     0 | D        | Found a sparkling altar of Nemelex Xobeh.
     0 | D        | Found a blossoming altar of Fedhas.
     1 | D        | Found the +6 Majin-Bo {vamp, *Drain Str+12 Int+24}
     1 | D        | Found the +7 great mace "Firestarter" {inner flame, rF++}
     2 | D        | Found a transporter.
     2 | D        | Found an ancient bone altar of Kikubaaqudgha.
     2 | D        | Found a viscous altar of Jiyva.
     2 | D        | Found a corrupted altar of Lugonu.
     2 | D        | Found a hazy altar of Hepliaklqana.
     2 | D        | Found a burning altar of Makhleb.
     2 | D        | Found an opulent altar of Gozag.
    20 | D        | Became a worshipper of Qazlal Stormbringer
    20 | D        | Reached * piety under Qazlal
    20 | D        | Reached ** piety under Qazlal
    25 | D        | Found the +6 shillelagh "Devastator" {shatter}
    25 | D        | Found the +11 plutonium sword {*Contam Stlth-}
    25 | D        | Found the +8 lance "Wyrmbane" {slay drac, rPois rF+ rC+
                  | AC+3}
    25 | D        | Found the +9 sword of Zonguldrok {reap}
    25 | D        | Found the cursed +13 scythe of Curses {drain, *Curse}
    25 | D        | Found the +0 sword of Power
    25 | D        | Found the +7 mace of Variability {chain chaos}
    25 | D        | Found the +7 Singing Sword {slice}
    25 | D        | Found the +7 longbow "Piercer" {penet, EV-2}
    27 | D        | Found the +9 heavy crossbow "Sniper" {velocity, Acc+∞ SInv}
    27 | D        | Found the +10 dark maul {crush}
    27 | D        | Found the +15 Maxwell's patent armour {-Cast -Tele rElec
                  | MR+ rCorr}
    27 | D        | Found the +18 shield of the Gong {rElec rN+ MR+ EV-5}
    27 | D        | Found the cursed +14 obsidian axe {chop, +Fly SInv *Curse}
    46 | D        | Reached skill level 5 in Fighting
    46 | D        | Reached XP level 2. HP: 29/29 MP: 2/4
    48 | D        | Entered arena 2.
    48 | D        | Noticed a crimson imp
    48 | D        | Found a transporter.
    49 | D        | Reached XP level 3. HP: 36/36 MP: 2/6
    49 | D        | Reached XP level 4. HP: 44/44 MP: 2/7
    58 | D        | Entered arena 3.
    58 | D        | Noticed a slime creature
    58 | D        | Found a transporter.
    59 | D        | Reached skill level 5 in Evocations
    59 | D        | Reached *** piety under Qazlal
    59 | D        | Reached skill level 5 in Armour
    59 | D        | Reached XP level 5. HP: 51/51 MP: 3/9
    62 | D        | Killed a slime creature
    62 | D        | Reached skill level 5 in Dodging
    62 | D        | Reached skill level 5 in Shields
    62 | D        | Reached XP level 6. HP: 60/60 MP: 3/11
    69 | D        | Entered arena 4.
    69 | D        | Noticed Sigmund
    69 | D        | Noticed Jessica
    69 | D        | Noticed Blork the orc
    69 | D        | Noticed Crazy Yiuf
    69 | D        | Found a transporter.
    70 | D        | Found the +10 large shield of Ignorance {rN+ Int-4}
    70 | D        | Killed Jessica
    70 | D        | Reached skill level 2 in Invocations
    71 | D        | Killed Blork the orc
    71 | D        | Killed Crazy Yiuf
    71 | D        | Reached **** piety under Qazlal
    76 | D        | Killed Sigmund
    76 | D        | Reached skill level 5 in Long Blades
    76 | D        | Reached skill level 3 in Invocations
    76 | D        | Reached XP level 7. HP: 69/69 MP: 8/12
    90 | D        | Entered arena 5.
    90 | D        | Noticed a +0 vampiric halberd
    90 | D        | Noticed a deep elf sorcerer
    90 | D        | Noticed a deep elf mage
    90 | D        | Noticed a deep elf knight
    90 | D        | Found a transporter.
    92 | D        | Noticed a tarantella
    92 | D        | Noticed a redback
    93 | D        | Killed a +0 vampiric halberd
    93 | D        | Reached skill level 9 in Invocations
    93 | D        | Reached XP level 8. HP: 75/75 MP: 12/15
    93 | D        | Killed a deep elf knight
    93 | D        | Reached skill level 11 in Invocations
    93 | D        | Reached XP level 9. HP: 82/82 MP: 12/17
    98 | D        | Noticed a smoke demon
   100 | D        | Noticed a smoke demon
   100 | D        | Killed a deep elf sorcerer
   100 | D        | Reached skill level 14 in Invocations
   105 | D        | Killed a deep elf mage
   105 | D        | Reached ***** piety under Qazlal
   105 | D        | Reached skill level 15 in Invocations
   105 | D        | Reached XP level 10. HP: 67/90 MP: 19/21
   112 | D        | Got the +8 rapier of Uqiubar {speed, +Fly rElec Dex-5
                  | Stlth+}
   115 | D        | Entered arena 6.
   115 | D        | Found a transporter.
   141 | D        | Got the ring of Lewydgh Ocisk {rElec rPois EV+5 Int+3
                  | Dex-3}
   143 | D        | Got the Catalogue of Air and the Mountains
   154 | D        | Entered arena 7.
   154 | D        | Noticed an ironbrand convoker
   154 | D        | Noticed a vault guard
   154 | D        | Noticed a yaktaur captain
   154 | D        | Noticed a lich
   154 | D        | Noticed an entropy weaver
   154 | D        | Noticed a vault sentinel
   155 | D        | Found a transporter.
   157 | D        | Killed a yaktaur captain
   157 | D        | Reached skill level 16 in Invocations
   157 | D        | Killed a vault sentinel
   157 | D        | Killed a vault guard
   157 | D        | Reached skill level 17 in Invocations
   160 | D        | Killed an ironbrand convoker
   161 | D        | Killed an entropy weaver
   161 | D        | Reached skill level 18 in Invocations
   161 | D        | Reached XP level 11. HP: 61/95 MP: 9/24
   165 | D        | Killed a lich
   165 | D        | Reached skill level 19 in Invocations
   175 | D        | Entered arena 8.
   175 | D        | Noticed a +2 halberd of pain
   175 | D        | Noticed a +1 scimitar of electrocution
   176 | D        | Found a transporter.
   177 | D        | Killed a +2 halberd of pain
   177 | D        | Reached ****** piety under Qazlal
   200 | D        | Killed a +1 scimitar of electrocution
   200 | D        | Reached skill level 20 in Invocations
   206 | D        | Got the ring of Luxzogudgh {+Blink rElec Stlth+}
   211 | D        | Entered arena 9.
   211 | D        | Noticed a toenail golem
   211 | D        | Noticed a toenail golem
   212 | D        | Found a transporter.
   213 | D        | Killed a toenail golem
   214 | D        | Killed a toenail golem
   225 | D        | Got the cursed +1 robe "Muitaj" {Dex+6}
   228 | D        | Entered arena 10.
   229 | D        | Found a transporter.
   230 | D        | Reached skill level 21 in Invocations
   247 | D        | Entered arena 11.
   247 | D        | Noticed a deep elf archer
   247 | D        | Noticed a +3 flail of crushing
   247 | D        | Noticed a +3 long sword of holy wrath
   247 | D        | Noticed a deep elf mage
   247 | D        | Noticed a deep elf mage
   247 | D        | Noticed a deep elf mage
   247 | D        | Noticed a deep elf knight
   247 | D        | Noticed a deep elf mage
   248 | D        | Identified the +8 whip of Incongruity {speed, +Fly Int+4
                  | Dex-3}
   248 | D        | Found a transporter.
   249 | D        | Killed a deep elf mage
   249 | D        | Reached XP level 12. HP: 69/103 MP: 26/26
   249 | D        | Reached skill level 22 in Invocations
   249 | D        | Killed a deep elf knight
   268 | D        | Entered arena 12.
   268 | D        | Noticed a ghoul
   270 | D        | Reached skill level 23 in Invocations
   270 | D        | Killed a ghoul
   271 | D        | Found a transporter.
   287 | D        | Got the +2 war axe "Xylapul" {chop, Dex+2}
   293 | D        | Entered arena 13.
   295 | D        | Found the +8 storm bow {lightning rElec Stlth-}
   296 | D        | Found a transporter.
   316 | D        | Entered arena 14.
   316 | D        | Noticed a vampire knight
   317 | D        | Identified the +2 leather armour "Socs" {rPois rC+ Int-2}
   317 | D        | Identified the +1 medium shield of Qusuh {rElec Str+2 Int-5
                  | SInv}
   318 | D        | Found the +16 sapphire dagger {flash freeze, rF- rC++ MR+}
   319 | D        | Found a transporter.
   320 | D        | Reached skill level 24 in Invocations
   320 | D        | Reached XP level 13. HP: 96/108 MP: 27/29
   328 | D        | Killed a vampire knight
   334 | D        | Got the Disquisition on Enhancements
   345 | D        | Entered arena 15.
   345 | D        | Noticed a Shadow Fiend
   346 | D        | Noticed Beoq the pandemonium lord
   346 | D        | Noticed a cacodemon
   346 | D        | Noticed a cacodemon
   347 | D        | Noticed Plog the pandemonium lord
   348 | D        | Killed a cacodemon
   348 | D        | Reached skill level 25 in Invocations
   348 | D        | Killed a cacodemon
   348 | D        | Killed a Shadow Fiend
   350 | D        | Killed Beoq the pandemonium lord
   350 | D        | Reached skill level 26 in Invocations
   355 | D        | Found a transporter.
   360 | D        | Killed Plog the pandemonium lord
   360 | D        | Reached skill level 27 in Invocations
   364 | D        | Got Sif Muna's Incunabulum of Fire and Envenoming
   376 | D        | Got the Handbook of Dark Secrets and Confrontation
   386 | D        | Entered arena 16.
   389 | D        | Reached XP level 14. HP: 104/118 MP: 31/31
   389 | D        | Reached skill level 10 in Fighting
   391 | D        | Found a transporter.
   398 | D        | Got Vehumet's Volume of Arcane Weapons
   405 | D        | Got the +3 plate armour of the Barber Surgeon {Str+6
                  | Stlth-}
   426 | D        | Learned a level 3 spell: Regeneration
   429 | D        | Learned a level 2 spell: Song of Slaying
   432 | D        | Learned a level 2 spell: Sublimation of Blood
   432 | D        | Entered arena 17.
   434 | D        | Noticed a stone giant
   434 | D        | Noticed a stone giant
   434 | D        | Noticed a stone giant
   435 | D        | Noticed a deep elf master archer
   435 | D        | Noticed a stone giant
   435 | D        | Identified the +7 great sword of Insomnia {freeze, rC+ MR+}
   437 | D        | Reached skill level 1 in Spellcasting
   437 | D        | Reached skill level 1 in Charms
   437 | D        | Reached skill level 1 in Necromancy
   437 | D        | Reached skill level 10 in Armour
   437 | D        | Killed a stone giant
   437 | D        | Killed a deep elf master archer
   437 | D        | Killed a stone giant
   437 | D        | Reached skill level 5 in Spellcasting
   437 | D        | Killed a stone giant
   437 | D        | Killed a stone giant
   438 | D        | Found a transporter.
   447 | D        | Got the +5 plate armour of Moral Flaws {rF+}
   460 | D        | Entered arena 18.
   464 | D        | Reached skill level 5 in Necromancy
   464 | D        | Reached skill level 5 in Charms
   466 | D        | Reached skill level 10 in Shields
   477 | D        | Found a transporter.
   484 | D        | Got the Grimoire of Translocation and Malediction
   500 | D        | Entered arena 19.
   502 | D        | Noticed a reaper
   503 | D        | Identified the +8 hand axe of the Lurker {flame, rC+ Str+4
                  | Int+5}
   503 | D        | Identified the cursed +1 hunting sling of Disarray
                  | {velocity, +Blink rN+}
   504 | D        | Reached XP level 15. HP: 73/134 MP: 32/32
   508 | D        | Found the +5 robe of Night {Dark MR+ SInv}
   509 | D        | Found a transporter.
   522 | D        | Got the +2 ring mail "Wayssorph" {*Contam rElec MR+}
   526 | D        | Got the amulet "Xysuing" {Acrobat rF+ rC+ rN+}
   561 | D        | Entered arena 20.
   564 | D        | Noticed a deep elf blademaster
   565 | D        | Identified the ring "Qehurati" {Ice +Inv Int+2 Dex-2}
   566 | D        | Noticed a deep elf blademaster
   568 | D        | Reached skill level 10 in Spellcasting
   568 | D        | Killed a deep elf blademaster
   568 | D        | Reached skill level 10 in Long Blades
   568 | D        | Reached skill level 10 in Dodging
   572 | D        | Found a transporter.
   573 | D        | Killed a deep elf blademaster
   603 | D        | Got the Almanac of the Fetching Arsonist
   623 | D        | Entered arena 21.
   625 | D        | Noticed an angel
   626 | D        | Identified the cursed +1 fustibalus of Tenacity {freeze,
                  | Dex+2}
   626 | D        | Noticed an angel
   626 | D        | Noticed an angel
   626 | D        | Noticed a pearl dragon
   627 | D        | Noticed an angel
   627 | D        | Noticed a daeva
   627 | D        | Noticed a pearl dragon
   627 | D        | Noticed a daeva
   628 | D        | Killed an angel
   628 | D        | Killed an angel
   628 | D        | Reached skill level 15 in Fighting
   628 | D        | Killed a pearl dragon
   628 | D        | Reached skill level 15 in Armour
   628 | D        | Killed a daeva
   628 | D        | Killed a daeva
   628 | D        | Reached XP level 16. HP: 136/151 MP: 33/33
   628 | D        | Killed a daeva
   628 | D        | Identified the amulet of Qazlal's Benevolence {Acrobat rC++
                  | Stlth+}
   628 | D        | Noticed a daeva
   632 | D        | Noticed a daeva
   641 | D        | HP: 3/226 [daeva/divine providence (12)]
   644 | D        | Slain by an angel

Skill      XL: |  1  2  3  4  5  6  7  8  9 10 11 12 13 14 15 |
---------------+----------------------------------------------+-----
Fighting       | 5 6 7 8 9 12 15 | 15.9
Long Blades    | 2 3 4 5 8 13 | 13.4
Armour         | 3 4 5 6 7 8 12 15 | 15.7
Dodging        | 3 4 5 6 9 11 | 11.8
Shields        | 2 3 4 5 6 7 10 13 | 13.5
Evocations     | 3 4 5 7 |  7.1
Invocations    | 3 9 11 15 18 21 24 27 | 27.0
Spellcasting   | 8 11 | 11.3
Charms         | 6 8 |  8.8
Necromancy     | 6 8 |  8.9
Polearms       | |  2.6
Stealth        | |  1.5

Action                   |  1- 3 |  4- 6 |  7- 9 | 10-12 | 13-15 | 16-18 || total
-------------------------+-------+-------+-------+-------+-------+-------++-------
Melee: Lance             |       |     3 |     9 |    44 |    53 |    13 ||   122
 Cast: Regeneration      |       |       |       |       |     2 |       ||     2
Invok: Disaster Area     |       |       |       |     7 |     8 |     1 ||    16
       Upheaval          |       |       |       |     2 |     1 |       ||     3
Evoke: Wand              |       |     6 |     4 |     3 |       |       ||    13
  Use: Potion            |     1 |       |     1 |     2 |     2 |     1 ||     7
       Scroll            |       |       |       |       |     1 |     1 ||     2
Armor: Plate armour      |       |     1 |     3 |    15 |    19 |    12 ||    50
Dodge: Deflected         |       |       |     1 |     2 |     3 |       ||     6
       Dodged            |       |       |       |    11 |    11 |    10 ||    32
Block: Medium shield     |       |     2 |    17 |    93 |   102 |    53 ||   267
